 Dungeon Crawl Stone Soup version 0.20-a0-970-gcd8f41e (webtiles) character file.

1753 Rrauwl the Caller (level 9, -4/68 HPs)
             Began as a Barachi Summoner on Apr 8, 2017.
             Was a Follower of Sif Muna.
             Slain by a polar bear (24 damage)
             ... on level 8 of the Dungeon.
             The game lasted 00:48:47 (7029 turns).

Rrauwl the Caller (Barachi Summoner)                Turns: 7029, Time: 00:48:48

Health: -4/68      AC: 10    Str: 11    XL:     9   Next: 6%
Magic:  21/24      EV: 13    Int: 17    God:    Sif Muna [*.....]
Gold:   489        SH:  0    Dex: 13    Spells: 6/16 levels left

rFire    . . .     SeeInvis +   l - +1 spear (freeze)
rCold    . . .     Gourm    .   (no shield)
rNeg     . . .     Faith    .   m - +0 ring mail
rPois    .         Spirit   .   n - +2 helmet
rElec    .         Reflect  .   s - +0 cloak
rCorr    .         Harm     .   r - +0 pair of gloves
MR       .....                  (no boots)
Stlth    +.........             (no amulet)
Regen    0.3/turn               e - ring of see invisible
MPRegen  0.2/turn               u - ring of magical power

@: can't hop, slow
A: +LOS, swims, slowness 1, strong legs 1
a: Hop, Divine Energy, Renounce Religion


You were on level 8 of the Dungeon.
You worshipped Sif Muna.
Sif Muna was aware of your devotion.
You were hungry.

You visited 2 branches of the dungeon, and saw 9 of its levels.

You collected 489 gold pieces.

Inventory:

Hand Weapons
 l - a +1 spear of freezing (weapon)
Armour
 m - a +0 ring mail (worn)
 n - a +2 helmet (worn)
 r - a +0 pair of gloves (worn)
 s - a +0 cloak (worn)
Jewellery
 e - a ring of see invisible (left hand)
 o - an uncursed ring of resist corrosion
 u - a ring of magical power (right hand)
Wands
 k - a wand of polymorph (14/24)
Scrolls
 a - 4 scrolls of identify
 h - 4 scrolls of enchant armour
 q - a scroll of immolation
 v - a scroll of teleportation
 w - a scroll of remove curse
Potions
 f - 3 potions of agility
 j - 2 potions of brilliance
 p - 3 potions of curing
 t - 3 potions of invisibility
Books
 b - a book of Callings

   Spells                             Type                      Level
   a - Summon Small Mammal            Summoning                    1
   b - Call Imp                       Summoning                    2
   c - Call Canine Familiar           Summoning                    3
   d - Summon Guardian Golem          Hexes/Summoning              3
   e - Summon Lightning Spire         Summoning/Air                4
   f - Summon Ice Beast               Ice/Summoning                4
Comestibles
 c - 7 bread rations
 g - 4 meat rations
 i - 2 royal jellies


   Skills:
 + Level 5.6 Fighting
 - Level 4.0 Polearms
 + Level 2.3 Armour
 + Level 5.4 Dodging
 - Level 1.7 Stealth
 - Level 4.0 Spellcasting
 + Level 7.7 Summonings
 + Level 4.8 Ice Magic
 - Level 1.0 Invocations
 - Level 1.0 Evocations


You had 6 spell levels left.
You knew the following spells:

 Your Spells              Type           Power        Failure   Level  Hunger
a - Summon Small Mammal   Summ           ####         1%          1    None
b - Call Imp              Summ           ####....     2%          2    ##.....
c - Summon Ice Beast      Ice/Summ       ###.....     30%         4    ####...
d - Call Canine Familiar  Summ           ####....     6%          3    ###....


Dungeon Overview and Level Annotations

Branches:
Dungeon (8/15)             Temple (1/1) D:4
   Lair: D:8-11

Altars:
Cheibriados
Elyvilon
Fedhas
Hepliaklqana
Kikubaaqudgha
Nemelex Xobeh
Okawaru
Qazlal
Ru
Sif Muna
Trog
Uskayaw
Vehumet
Wu Jian
Xom
Yredelemnul
Zin
The Shining One

Shops:
D:4 *   D:7 [}[


Innate Abilities, Weirdness & Mutations

Shadows flee at your approach. (+LOS)
You can swim through water.
You cover ground slowly.
You can hop short distances.


Message History

You hit the polar bear but do no damage.
The polar bear is almost dead.
The polar bear bites you!
The polar bear claws you but does no damage.
The polar bear claws you.
* * * LOW HITPOINT WARNING * * *
Your hound barely misses the polar bear.
You hit the polar bear but do no damage.
The polar bear is almost dead.
The polar bear bites you but does no damage.
The polar bear barely misses you.
The polar bear claws you but does no damage.
Your hound bites the polar bear.
The polar bear bites your hound! The polar bear claws your hound.
The polar bear closely misses your hound.
Your hound barely misses the polar bear.
You hit the polar bear but do no damage.
The polar bear is almost dead.
The polar bear bites you!!
You die...

§§... ###.#...#.#..
###...######.##.##.#.#
#.........#...#....#.#
#..................#.#
.
#.........####.....#.#
.. ###.#...###
###.###.# ...#
##....## #.###..
.....#####..h..#
#..÷5.<
#.......§...h@##
#######
#..8....§.§8..#
#.......§....##
..#.........##
###.....### #######


You could see a polar bear (berserk) and a friendly hound.

Vanquished Creatures
  The ghost of luab the Transmogrifier, a novice NaTm (D:4)
  A yak (D:8)
  Duvessa (D:4)
  A phantom (D:4)
  An ogre (D:6)
  A gnoll sergeant (D:7)
  A bullfrog (D:7)
  A scorpion (D:3)
  A howler monkey (D:5)
  A centaur zombie (D:5)
  An orc wizard (D:6)
  A bullfrog skeleton (D:6)
  2 iguanas
  A centaur simulacrum (D:8)
  A hound zombie (D:6)
  4 gnolls
  3 adders
  2 shadow imps
  A white imp (D:8)
  A worker ant simulacrum (D:8)
  3 oozes
  3 adder skeletons
  A dart slug (D:2)
  3 leopard geckos
  9 orcs
  A ball python (D:6)
  5 giant cockroaches
  9 goblins
  5 hobgoblins
  3 quokkas
  A ball python skeleton (D:3)
  7 bats
  4 frilled lizards
  7 kobolds
  4 rats
92 creatures vanquished.

Vanquished Creatures (collateral kills)
  A yak (D:8)
  An ice beast (D:8)
  3 ogres
  A phantom (D:7)
  A bullfrog (D:6)
  Dowan (D:4)
  A howler monkey (D:6)
  A gnoll shaman (D:3)
  A jelly (D:7)
  2 orc wizards
  A bullfrog skeleton (D:6)
  2 iguanas
  2 worker ants
  Robin (D:3)
  9 gnolls
  5 adders
  2 shadow imps
  A white imp (D:8)
  A howler monkey simulacrum (D:8)
  2 adder skeletons
  A worm (D:3)
  3 leopard geckos
  4 orcs
  2 ball pythons
  8 goblins
  2 hobgoblins
  A quokka (D:4)
  A bat (D:1)
  2 frilled lizards (D:1)
  A jackal skeleton (D:3)
  2 kobolds (D:1)
  3 rats
69 creatures vanquished.

Grand Total: 161 creatures vanquished

Notes
Turn   | Place    | Note
-------+----------+-------------------------------------------
     0 | D:1      | Rrauwl the Barachi Summoner began the quest for the Orb.
     0 | D:1      | Reached XP level 1. HP: 13/13 MP: 3/3
   387 | D:1      | Reached skill level 1 in Fighting
   613 | D:1      | Reached skill level 5 in Summonings
   613 | D:1      | Reached XP level 2. HP: 21/21 MP: 3/5
   618 | D:1      | Learned a level 2 spell: Call Imp
  1069 | D:1      | Reached XP level 3. HP: 26/27 MP: 7/7
  1803 | D:3      | Reached XP level 4. HP: 33/33 MP: 3/8
  1902 | D:3      | Learned a level 4 spell: Summon Ice Beast
  1986 | D:3      | Noticed Robin
  1993 | D:3      | Killed Robin
  2143 | D:3      | Reached skill level 1 in Ice Magic
  2143 | D:3      | Reached XP level 5. HP: 26/39 MP: 5/9
  2827 | D:4      | Found Faenuh's General Store.
  2827 | D:4      | Noticed Dowan
  2827 | D:4      | Noticed luab's ghost (novice NaTm)
  2831 | D:4      | Noticed Duvessa
  2894 | D:3      | Reached skill level 1 in Polearms
  2894 | D:3      | Reached skill level 6 in Summonings
  3323 | D:4      | Killed luab's ghost
  3323 | D:4      | Reached XP level 6. HP: 28/48 MP: 1/10
  3323 | D:4      | Reached XP level 7. HP: 31/53 MP: 1/11
  3421 | D:4      | Killed Duvessa
  3496 | D:4      | Killed Dowan
  3894 | D:4      | Found a staircase to the Ecumenical Temple.
  3908 | Temple   | Entered the Ecumenical Temple
  3921 | Temple   | Became a worshipper of Sif Muna the Loreminder
  4322 | D:5      | Entered Level 5 of the Dungeon
  4387 | D:5      | Reached skill level 1 in Evocations
  5043 | D:5      | Found a radiant altar of Vehumet.
  5044 | D:5      | Found a hide-covered altar of Uskayaw.
  5150 | D:5      | Reached XP level 8. HP: 47/61 MP: 13/13
  5155 | D:5      | Learned a level 3 spell: Call Canine Familiar
  5266 | D:6      | Reached skill level 7 in Summonings
  5625 | D:6      | Reached skill level 1 in Invocations
  5640 | D:6      | Reached skill level 5 in Fighting
  5849 | D:6      | Reached skill level 1 in Armour
  5972 | D:7      | Found Budef's Gadget Shop.
  6042 | D:7      | Reached skill level 5 in Dodging
  6086 | D:7      | Found a white marble altar of Elyvilon.
  6170 | D:7      | Found Lempurus's Armour Shop.
  6297 | D:7      | Reached * piety under Sif Muna
  6481 | D:7      | Found Ajuwkubb's Antique Armour Emporium.
  6636 | D:7      | Found a bloodstained altar of Trog.
  6711 | D:8      | Noticed a yak
  6716 | D:8      | Noticed a yak
  6744 | D:8      | Killed a yak
  6755 | D:8      | Killed a yak
  6755 | D:8      | Reached XP level 9. HP: 65/68 MP: 7/15
  7005 | D:8      | Noticed a polar bear
  7029 | D:8      | Slain by a polar bear

Vault maps used:
D:1:      dpeg_arrival_orchard
D:2:      first_bread, minivault_11, hangedman_decor_slide_cut,
          minmay_misc_feat_encased
D:3:      uniq_robin
D:4:      minmay_temple_entry_trees, serial_shops, shop, uniq_duvessa
D:5:      amethyst_overflow_temple_binary
D:7:      lightli_temple_of_fire, serial_shops, shop_coins,
          nicolae_shop_crystal, nicolae_shop_statue_plus, elyvilon_altar_3
D:8:      grunt_gozag_breadcrumbs, overflow_temple_1_default,
          nicolae_dithmenos_the_darkroom, ashenzari_altar_1,
          grunt_lair_entry_orc_guard_hut, serial_ice, serial_ice_n,
          serial_ice_i, serial_ice_g, serial_ice_o
Temple:   regret_index_temple_waves

Skill      XL: |  1  2  3  4  5  6  7  8  9 |
---------------+----------------------------+-----
Fighting       | 1 2 3 4 5 |  5.6
Summonings     | 5 6 7 |  7.7
Spellcasting   | 3 4 |  4.0
Ice Magic      | 1 2 3 4 |  4.8
Dodging        | 3 4 5 |  5.4
Polearms       | 2 3 4 |  4.0
Evocations     | 1 |  1.0
Invocations    | 1 |  1.0
Armour         | 2 |  2.3
Stealth        | |  1.7

Action                   |  1- 3 |  4- 6 |  7- 9 || total
-------------------------+-------+-------+-------++-------
Melee: Unarmed           |    26 |       |       ||    26
       Spear             |    66 |   126 |   311 ||   503
       Whip              |     9 |       |       ||     9
 Cast: Summon Small Mamm |     6 |       |       ||     6
       Call Imp          |     8 |    21 |    43 ||    72
       Call Canine Famil |       |       |    23 ||    23
       Summon Ice Beast  |       |       |     2 ||     2
 Abil: Hop               |       |     1 |     5 ||     6
  Use: Potion            |     3 |     1 |     2 ||     6
       Scroll            |     5 |     2 |    10 ||    17
 Stab: Sleeping          |     4 |       |       ||     4
       Distracted        |       |       |     4 ||     4
  Eat: Chunk             |     4 |     5 |    13 ||    22
       Fruit             |       |     3 |     2 ||     5
       Royal jelly       |       |       |     1 ||     1
Armor: Robe              |    21 |       |       ||    21
       Ring mail         |     4 |    34 |    67 ||   105
       Skin              |       |       |     1 ||     1
Dodge: Dodged            |    52 |    66 |   116 ||   234
